SAAA
ALLOWAY HALBERDS @ TREMONT DOUBLEDAYS
08/05/2021
 
TOP OF THE 1ST
Alloway Halberds batting - Pitching for Tremont Doubledays : RHP Ron Madison
Pitching: RHP Ron Madison
Batting: RHB Dennis Clifton 0-0: Ball
1-0: Ground out 6-3 (Groundball, 6)
Batting: RHB Pedro Santos 0-0: Foul Ball, location: 2F
0-1: Ball
1-1: Ball
2-1: Ball
3-1: Base on Balls
Batting: RHB Orlando López 0-0: Grounds into double play, 6-4-3 (Groundball, 6)
Top of the 1st over - 0 run(s), 0 hit(s), 0 error(s), 0 left on base; Alloway 0 - Tremont 0
BOTTOM OF THE 1ST
Tremont Doubledays batting - Pitching for Alloway Halberds : RHP José Alfonzo
Pitching: RHP José Alfonzo
Batting: LHB Scott Britt 0-0: DOUBLE (Line Drive, 9LS)
Batting: RHB Jim Unknown 0-0: Ball
1-0: Foul Ball, location: 2F
1-1: Ball
2-1: Fly out, F4 (Popup, 6MS)
Batting: RHB Taikan Miura 0-0: Foul Ball, location: 2F
0-1: Ball
1-1: Ball
2-1: Called Strike
2-2: Foul Ball, location: 2F
2-2: SINGLE (Flyball, 34D)
Scott Britt to third
Batting: LHB Eric Ward 0-0: Swinging Strike
0-1: Fly out, F7 (Flyball, 7S)
Batting: RHB Cory Hansen 0-0: Ball
1-0: Fly out, F9 (Flyball, 89M)
Bottom of the 1st over - 0 run(s), 2 hit(s), 0 error(s), 2 left on base; Alloway 0 - Tremont 0
TOP OF THE 2ND
Alloway Halberds batting - Pitching for Tremont Doubledays : RHP Ron Madison
Batting: RHB Jonathan Cundall 0-0: Called Strike
0-1: Foul Ball, location: 2F
0-2: Strikes out looking
Batting: SHB Ron Peterson 0-0: Called Strike
0-1: Ball
1-1: Ball
2-1: Ball
3-1: Fly out, F7 (Flyball, 7S)
Batting: LHB Francisco Rivas 0-0: Ball
1-0: Foul Ball, location: 2F
1-1: Ball
2-1: Ball
3-1: DOUBLE (Groundball, 5L)
Batting: RHB Juan Martínez 0-0: Ball
1-0: Called Strike
1-1: Ball
2-1: Ball
3-1: SINGLE (Groundball, 6MD)
Francisco Rivas to third
Runner from 3rd tries for Home, SAFE, throw made home
Juan Martínez to second
Batting: LHB Luis Gutiérrez 0-0: Foul Ball, location: 2F
0-1: Ball
1-1: Ball
2-1: Foul Ball, location: 2F
2-2: Ball
3-2: SINGLE (Groundball, 56)
Juan Martínez to third
Juan Martínez scores
Batting: RHB Mike Davis 0-0: Called Strike
0-1: Fielders Choice at 2nd, U6 (Groundball, 6M)
Top of the 2nd over - 2 run(s), 3 hit(s), 0 error(s), 1 left on base; Alloway 2 - Tremont 0
BOTTOM OF THE 2ND
Tremont Doubledays batting - Pitching for Alloway Halberds : RHP José Alfonzo
Batting: SHB Jim Unknown 0-0: Foul Ball, location: 2F
0-1: Foul Ball, location: 2F
0-2: SINGLE (Groundball, 4M)
Batting: LHB Jim Unknown 0-0: Ball
1-0: Ball
2-0: Ball
3-0: Called Strike
3-1: Base on Balls
Jim Unknown to second
Batting: RHB Jim Unknown 0-0: Ball
1-0: Ball
Wild Pitch!
Jim Unknown to third
Jim Unknown to second
2-0: Foul Ball, location: 2F
2-1: DOUBLE (Groundball, 5L)
Jim Unknown scores
Jim Unknown scores
Batting: LHB Jim Unknown 0-0: Called Strike
0-1: Ball
1-1: Ball
2-1: Ball
3-1: Base on Balls
Batting: LHB Scott Britt 0-0: Ball
1-0: Called Strike
1-1: Foul Ball, location: 2F
1-2: Ball
2-2: 3-RUN HOME RUN (Flyball, 89XD), Distance : 435 ft
Batting: RHB Jim Unknown 0-0: Bunted foul
0-1: Ball
1-1: Ball
2-1: Foul Ball, location: 2F
2-2: Ball
3-2: Ground out U3 (Groundball, 3L)
Batting: RHB Taikan Miura 0-0: Ball
1-0: Ball
2-0: Called Strike
2-1: Called Strike
2-2: Foul Ball, location: 2F
2-2: Ball
3-2: Base on Balls
Batting: LHB Eric Ward 0-0: Called Strike
0-1: Ball
1-1: Ground out 3-1 (Groundball, 34)
Taikan Miura to second
Batting: RHB Cory Hansen 0-0: Foul Ball, location: 2F
0-1: Foul Ball, location: 2F
0-2: Foul Ball, location: 2F
0-2: Ball
1-2: Foul Ball, location: 2F
1-2: Foul Ball, location: 2F
1-2: Fly out, F6 (Popup, 6MD)
Bottom of the 2nd over - 5 run(s), 3 hit(s), 0 error(s), 1 left on base; Alloway 2 - Tremont 5
TOP OF THE 3RD
Alloway Halberds batting - Pitching for Tremont Doubledays : RHP Ron Madison
Batting: RHB Dennis Clifton 0-0: Ball
1-0: Ball
2-0: Ball
3-0: Base on Balls
Batting: RHB Pedro Santos 0-0: Ball
1-0: Foul Ball, location: 2F
1-1: Foul Ball, location: 2F
1-2: Foul Ball, location: 2F
1-2: Ball
2-2: Ball
3-2: DOUBLE (Line Drive, 9LS)
Dennis Clifton to third
Batting: RHB Orlando López 0-0: Called Strike
0-1: Ground out 3-1 (Groundball, 34)
Dennis Clifton scores
Pedro Santos to third
Batting: RHB Jonathan Cundall 0-0: Ball
1-0: Ball
2-0: Ball
3-0: Base on Balls
Batting: SHB Ron Peterson 0-0: Swinging Strike
0-1: Ball
1-1: SINGLE (Groundball, 4MD)
Pedro Santos scores
Jonathan Cundall to second
Throwing error, E8
Jonathan Cundall scores
Ron Peterson to second
Batting: LHB Francisco Rivas 0-0: Called Strike
0-1: Ball
1-1: Foul Ball, location: 2F
1-2: Fly out, F6 (Popup, 4MD)
Batting: RHB Juan Martínez 0-0: Ball
1-0: Called Strike
1-1: Ground out 1-3 (Groundball, 23)
Top of the 3rd over - 3 run(s), 2 hit(s), 1 error(s), 1 left on base; Alloway 5 - Tremont 5
BOTTOM OF THE 3RD
Tremont Doubledays batting - Pitching for Alloway Halberds : RHP José Alfonzo
Batting: SHB Jim Unknown 0-0: Ball
1-0: Called Strike
1-1: Called Strike
1-2: Ground out 4-3 (Groundball, 34)
Batting: LHB Jim Unknown 0-0: Ball
1-0: Ball
2-0: SINGLE (Flyball, 8RS)
Batting: RHB Jim Unknown 0-0: Called Strike
0-1: Ball
1-1: Swinging Strike
1-2: Ball
2-2: Ball
3-2: Base on Balls
Jim Unknown to second
Batting: LHB Jim Unknown 0-0: Ball
1-0: Ball
2-0: Ball
3-0: Called Strike
3-1: Called Strike
3-2: Foul Ball, location: 2F
3-2: Base on Balls
Jim Unknown to third
Jim Unknown to second
Batting: LHB Scott Britt 0-0: Called Strike
0-1: SINGLE (Popup, 5D)
Jim Unknown scores
Jim Unknown to third
Jim Unknown to second
Runner from 3rd tries for Home, SAFE, no throw or cutoff
Batting: RHB Jim Unknown 0-0: Ball
1-0: Ball
2-0: DOUBLE (Popup, 89S)
Jim Unknown scores
Scott Britt to third
Pitching: RHP Bill Swain
Batting: RHB Taikan Miura 0-0: Called Strike
0-1: Swinging Strike
0-2: Ball
1-2: Ball
2-2: Foul Ball, location: 2F
2-2: SINGLE (Line Drive, 6M)
Scott Britt scores
Jim Unknown to third
Runner from 3rd tries for Home, SAFE, no throw or cutoff
Batting: LHB Eric Ward 0-0: Foul Ball, location: 2F
0-1: Ball
1-1: Foul Ball, location: 2F
1-2: Ball
2-2: SINGLE (Groundball, 34D)
Taikan Miura to second
Batting: RHB Cory Hansen 0-0: Ball
1-0: Ball
Wild Pitch!
Taikan Miura to third
Eric Ward to second
2-0: Foul Ball, location: 2F
2-1: Foul Ball, location: 2F
2-2: Fly out, F4 (Popup, 8RS)
Batting: SHB Jim Unknown 0-0: Called Strike
0-1: Swinging Strike
0-2: Ground out 4-3 (Groundball, 4)
Bottom of the 3rd over - 5 run(s), 5 hit(s), 0 error(s), 2 left on base; Alloway 5 - Tremont 10
TOP OF THE 4TH
Alloway Halberds batting - Pitching for Tremont Doubledays : RHP Ron Madison
Batting: LHB Luis Gutiérrez 0-0: Foul Ball, location: 2F
0-1: Ball
1-1: Fly out, F7 (Flyball, 7M)
Batting: RHB Mike Davis 0-0: Foul Ball, location: 2F
0-1: Called Strike
0-2: Ball
1-2: Strikes out looking
Batting: RHB Dennis Clifton 0-0: Called Strike
0-1: Swinging Strike
0-2: Strikes out swinging
Top of the 4th over - 0 run(s), 0 hit(s), 0 error(s), 0 left on base; Alloway 5 - Tremont 10
BOTTOM OF THE 4TH
Tremont Doubledays batting - Pitching for Alloway Halberds : RHP Bill Swain
Batting: LHB Jim Unknown 0-0: Fly out, F3 (Line Drive, 3)
Batting: RHB Jim Unknown 0-0: SINGLE (Groundball, 4MD) (infield hit)
Batting: LHB Jim Unknown 0-0: Ball
1-0: Foul Ball, location: 2F
1-1: Fly out, F8 (Flyball, 8LM)
Batting: LHB Scott Britt 0-0: Ball
1-0: Foul Ball, location: 2F
1-1: Called Strike
1-2: Foul Ball, location: 2F
1-2: SINGLE (Line Drive, 89S)
Jim Unknown to second
Batting: RHB Jim Unknown 0-0: Fly out, F7 (Flyball, 7M)
Bottom of the 4th over - 0 run(s), 2 hit(s), 0 error(s), 2 left on base; Alloway 5 - Tremont 10
TOP OF THE 5TH
Alloway Halberds batting - Pitching for Tremont Doubledays : RHP Ron Madison
Batting: RHB Pedro Santos 0-0: Ball
1-0: Ball
2-0: Called Strike
2-1: Fly out, F4 (Popup, 4MD)
Batting: RHB Orlando López 0-0: Ball
1-0: Ball
2-0: Swinging Strike
2-1: SINGLE (Line Drive, 56)
Batting: RHB Jonathan Cundall 0-0: SINGLE (Groundball, 34D)
Orlando López to second
Runner from 2nd tries for 3rd, SAFE, no throw or cutoff
Batting: SHB Ron Peterson 0-0: Ball
1-0: Foul Ball, location: 2F
1-1: SINGLE (Line Drive, 78S)
Orlando López scores
Jonathan Cundall to second
Pitching: RHP Jim Unknown
Batting: LHB Francisco Rivas 0-0: Swinging Strike
0-1: Foul Ball, location: 2F
0-2: Foul Ball, location: 2F
0-2: Ball
1-2: Ball
2-2: Foul Ball, location: 2F
2-2: Ball
3-2: Foul Ball, location: 2F
3-2: Fly out, F9 (Flyball, 89M)
Batting: RHB Juan Martínez 0-0: Ball
1-0: Ball
2-0: DOUBLE (Line Drive, 8LXD)
Jonathan Cundall scores
Ron Peterson to third
Runner from 3rd tries for Home, throw and OUT!
Top of the 5th over - 2 run(s), 4 hit(s), 0 error(s), 1 left on base; Alloway 7 - Tremont 10
BOTTOM OF THE 5TH
Tremont Doubledays batting - Pitching for Alloway Halberds : RHP Bill Swain
Batting: RHB Taikan Miura 0-0: SOLO HOME RUN (Flyball, 7LD), Distance : 354 ft
Batting: LHB Eric Ward 0-0: Ball
1-0: SINGLE (Groundball, 34D) (infield hit)
Batting: RHB Cory Hansen 0-0: Ball
1-0: Ball
2-0: Called Strike
2-1: Foul Ball, location: 2F
2-2: Ball
3-2: DOUBLE (Flyball, 78D)
Eric Ward to third
Batting: SHB Jim Unknown 0-0: Ball
Wild Pitch!
Eric Ward scores
Cory Hansen to third
1-0: Fly out, F9 (Flyball, 89M)
Batting: LHB Jim Unknown 0-0: Ball
1-0: Foul Ball, location: 2F
1-1: Foul Ball, location: 2F
1-2: Ball
2-2: Ball
3-2: Base on Balls
Batting: RHB Jim Unknown 0-0: Ball
1-0: Fly out, F8 (Flyball, 8LM)
Batting: LHB Jim Unknown 0-0: Fly out, F9 (Flyball, 9M)
Bottom of the 5th over - 2 run(s), 3 hit(s), 0 error(s), 2 left on base; Alloway 7 - Tremont 12
TOP OF THE 6TH
Alloway Halberds batting - Pitching for Tremont Doubledays : RHP Jim Unknown
Batting: LHB Luis Gutiérrez 0-0: Called Strike
0-1: Ground out 1-3 (Groundball, 13S)
Batting: RHB Mike Davis 0-0: Ball
1-0: SINGLE (Groundball, 56D)
Batting: RHB Dennis Clifton 0-0: Ball
1-0: Ball
2-0: Foul Ball, location: 2F
2-1: Ball
Mike Davis is caught stealing 2nd base
3-1: Swinging Strike
3-2: Foul Ball, location: 2F
3-2: Strikes out swinging
Top of the 6th over - 0 run(s), 1 hit(s), 0 error(s), 0 left on base; Alloway 7 - Tremont 12
BOTTOM OF THE 6TH
Tremont Doubledays batting - Pitching for Alloway Halberds : RHP Bill Swain
Batting: LHB Scott Britt 0-0: Foul Ball, location: 2F
0-1: Called Strike
0-2: Ball
1-2: Ball
2-2: Ground out 1-3 (Groundball, 15)
Batting: RHB Jim Unknown 0-0: Foul Ball, location: 2F
0-1: Ground out 6-3 (Groundball, 6)
Batting: RHB Taikan Miura 0-0: Ball
1-0: Ball
2-0: Ball
3-0: Called Strike
3-1: Base on Balls
Batting: LHB Eric Ward 0-0: Called Strike
0-1: SINGLE (Groundball, 34D)
Taikan Miura to second
Runner from 2nd tries for 3rd, SAFE, throw made to third
Eric Ward to second
Batting: RHB Cory Hansen 0-0: Fly out, F7 (Flyball, 7D)
Bottom of the 6th over - 0 run(s), 1 hit(s), 0 error(s), 2 left on base; Alloway 7 - Tremont 12
TOP OF THE 7TH
Alloway Halberds batting - Pitching for Tremont Doubledays : RHP Jim Unknown
Batting: RHB Pedro Santos 0-0: SINGLE (Flyball, 8RS)
Batting: RHB Orlando López 0-0: Ball
1-0: Called Strike
1-1: Ball
2-1: Swinging Strike
2-2: Fielders Choice at 2nd, 1-4 (Groundball, 25)
Batting: RHB Jonathan Cundall 0-0: Called Strike
Orlando López is caught stealing 2nd base
0-1: Foul Ball, location: 2F
0-2: Ball
1-2: Strikes out swinging
Top of the 7th over - 0 run(s), 1 hit(s), 0 error(s), 0 left on base; Alloway 7 - Tremont 12
BOTTOM OF THE 7TH
Tremont Doubledays batting - Pitching for Alloway Halberds : RHP Bill Swain
Batting: SHB Jim Unknown 0-0: Called Strike
0-1: Ground out 4-3 (Groundball, 4)
Batting: LHB Jim Unknown 0-0: Ball
1-0: Ball
2-0: Swinging Strike
2-1: Foul Ball, location: 2F
2-2: Ball
3-2: SINGLE (Groundball, 23) (infield hit)
Batting: RHB Jim Unknown 0-0: Ball
1-0: Called Strike
1-1: Ball
2-1: Ball
3-1: Base on Balls
Jim Unknown to second
Batting: LHB Jim Unknown 0-0: Ball
1-0: Foul Ball, location: 2F
1-1: Ball
2-1: Swinging Strike
2-2: Ball
3-2: SINGLE (Groundball, 34D)
Jim Unknown to third
Jim Unknown to second
Runner from 3rd tries for Home, SAFE, throw made home
Pitching: RHP Manuel Reyes
Batting: LHB Scott Britt 0-0: Called Strike
0-1: Foul Ball, location: 2F
0-2: Ball
1-2: Ball
2-2: SINGLE (Line Drive, 56D)
Jim Unknown to third
Jim Unknown to second
Runner from 3rd tries for Home, throw and OUT!
Batting: RHB Jim Unknown 0-0: Ball
1-0: Foul Ball, location: 2F
1-1: Ball
2-1: Foul Ball, location: 2F
2-2: Strikes out swinging
Bottom of the 7th over - 1 run(s), 3 hit(s), 0 error(s), 2 left on base; Alloway 7 - Tremont 13
TOP OF THE 8TH
Alloway Halberds batting - Pitching for Tremont Doubledays : RHP Jim Unknown
Batting: SHB Ron Peterson 0-0: Ball
1-0: Foul Ball, location: 2F
1-1: Ground out 4-3 (Groundball, 4)
Batting: LHB Francisco Rivas 0-0: Called Strike
0-1: Ball
1-1: Ground out 1-3 (Groundball, 13)
Batting: RHB Juan Martínez 0-0: Ball
1-0: Foul Ball, location: 2F
1-1: Foul Ball, location: 2F
1-2: Reached on Error, E6 (Popup, 6M)
Batting: LHB Luis Gutiérrez 0-0: Ball
1-0: Ball
2-0: Ball
3-0: Base on Balls
Juan Martínez to second
Batting: RHB Mike Davis 0-0: Ball
1-0: Ball
2-0: Ball
3-0: Called Strike
3-1: Ground out 5-3 (Groundball, 5)
Top of the 8th over - 0 run(s), 0 hit(s), 1 error(s), 2 left on base; Alloway 7 - Tremont 13
BOTTOM OF THE 8TH
Tremont Doubledays batting - Pitching for Alloway Halberds : RHP Manuel Reyes
Batting: RHB Taikan Miura 0-0: Ball
1-0: Foul Ball, location: 2F
1-1: Foul Ball, location: 2F
1-2: Strikes out swinging
Batting: LHB Eric Ward 0-0: Called Strike
0-1: Ball
1-1: Ball
2-1: Foul Ball, location: 2F
2-2: Ball
3-2: Base on Balls
Batting: RHB Cory Hansen 0-0: Swinging Strike
0-1: Ball
1-1: Foul Ball, location: 2F
1-2: Ball
2-2: Strikes out swinging
Batting: SHB Jim Unknown 0-0: Called Strike
0-1: Ball
1-1: Ball
2-1: Fielders Choice at 2nd, U4 (Groundball, 4M)
Bottom of the 8th over - 0 run(s), 0 hit(s), 0 error(s), 1 left on base; Alloway 7 - Tremont 13
TOP OF THE 9TH
Alloway Halberds batting - Pitching for Tremont Doubledays : RHP Jim Unknown
Batting: RHB Dennis Clifton 0-0: SINGLE (Line Drive, 78M)
Batting: RHB Pedro Santos 0-0: Ball
1-0: Foul Ball, location: 2F
1-1: Called Strike
1-2: Strikes out swinging
Pitching: LHP Jim Unknown
Batting: RHB Orlando López 0-0: Called Strike
0-1: Foul Ball, location: 2F
0-2: Strikes out swinging
Batting: RHB Jonathan Cundall 0-0: Foul Ball, location: 2F
0-1: Ball
1-1: Swinging Strike
1-2: Foul Ball, location: 2F
1-2: Foul Ball, location: 2F
1-2: Foul Ball, location: 2F
1-2: Strikes out swinging
Top of the 9th over - 0 run(s), 1 hit(s), 0 error(s), 1 left on base; Alloway 7 - Tremont 13
This league is powered by Out of the Park Baseball, the baseball management simulation game for PC, Mac and Linux
Friday, January 22nd, 2016 - OOTP Baseball 16.9 Build 39